 Dungeon Crawl Stone Soup version 0.17.1-3-g152610e (webtiles) character file.

20316 Magnus the Unseen (level 12, -4/61 HPs)
             Began as a Spriggan Enchanter on Mar 30, 2016.
             Was an Elder of Dithmenos.
             Slain by an ice devil (15 damage)
             ... in an ice cave.
             The game lasted 01:03:44 (13474 turns).

Magnus the Unseen (Spriggan Enchanter)             Turns: 13474, Time: 01:03:45

Health: -4/61      AC: 12    Str:  4    XL:     12   Next: 44%
Magic:  6/30       EV: 27    Int: 21    God:    Dithmenos [****..]
Gold:   432        SH:  0    Dex: 17    Spells: 5 memorised, 26 levels left

rFire  . . .     SeeInvis +     u - +2 dagger (venom)
rCold  + . .     Clarity  .     b - +1 robe
rNeg   . . .     SustAt   .     (shield restricted)
rPois  .         Gourm    .     a - +2 hat {rC+}
rElec  .         Spirit   .     D - +2 cloak
rCorr  .         Warding  .     (gloves unavailable)
rMut   +         Stasis   .     (boots unavailable)
MR     +++..                    h - amulet of resist mutation
Stlth  ++++++++++               B - ring of protection from magic
                                A - +4 ring of protection

@: very slightly contaminated, wreathed by umbra, very quick, extremely
resistant to hostile enchantments, uncannily stealthy
A: unfitting armour, see invisible, herbivore 3, speed 3, slow metabolism 2
a: Shadow Step, Renounce Religion


You were in an ice cave.
You worshipped Dithmenos.
Dithmenos was greatly pleased with you.
You were full.

You visited 3 branches of the dungeon, and saw 14 of its levels.
You also visited: Labyrinth and Ice Cave.

You collected 642 gold pieces.
You spent 210 gold pieces at shops.

Inventory:

Hand Weapons
 u - a +2 dagger of venom (weapon)
 L - a +1 dagger of draining
Missiles
 N - a throwing net (quivered)
Armour
 a - a +2 hat of cold resistance (worn)
 b - a +1 robe (worn)
 D - a +2 cloak (worn)
Rods
 K - a +1 rod of ignition (9/9)
   (You found it on level 7 of the Dungeon)
Jewellery
 h - an amulet of resist mutation (around neck)
 A - a +4 ring of protection (left hand)
 B - a ring of protection from magic (right hand)
 P - the amulet of Qis Tiud {Stasis MR+}
   (You took it off a minotaur in a labyrinth)

   [amulet of stasis]

   It prevents you from being teleported, slowed, hasted or paralysed.
   It affects your resistance to hostile enchantments.
Wands
 F - a wand of frost (31)
 V - a wand of teleportation (5)
 W - a wand of paralysis (22)
Scrolls
 e - 3 scrolls of recharging
 i - 11 scrolls of remove curse
 j - 2 scrolls of enchant armour
 o - 7 scrolls of identify
 s - 2 scrolls of magic mapping
 w - 2 scrolls of enchant weapon
 y - a scroll of fog
 C - 2 scrolls of amnesia
 H - a scroll of torment
 M - 4 scrolls of teleportation
Potions
 g - 8 potions of curing
 k - a potion of mutation
 m - 2 potions of invisibility
 n - 5 potions of cancellation
 p - 4 potions of agility
 t - 2 potions of magic
 x - 3 potions of brilliance
 z - 3 potions of haste
 G - a potion of flight
 I - 2 potions of heal wounds
 S - a potion of might
 Y - a potion of lignification
Books
 c - a book of Maledictions

   Spells                             Type                      Level
   a - Corona                         Hexes                        1
   b - Ensorcelled Hibernation        Hexes/Ice                    2
   c - Confuse                        Hexes                        3
   d - Tukima's Dance                 Hexes                        3
   e - Dazzling Spray                 Conjuration/Hexes            3
 Q - a book of Conjurations

   Spells                             Type                      Level
   a - Magic Dart                     Conjuration                  1
   b - Searing Ray                    Conjuration                  2
   c - Dazzling Spray                 Conjuration/Hexes            3
   d - Fulminant Prism                Conjuration/Hexes            4
   e - Iskenderun's Mystic Blast      Conjuration                  4
   f - Iskenderun's Battlesphere      Conjuration/Charms           5
 X - a Necronomicon

   Spells                             Type                      Level
   a - Haunt                          Necromancy/Summoning         7
   b - Borgnjor's Revivification      Necromancy                   8
   c - Death's Door                   Charms/Necromancy            8
   d - Necromutation                  Transmutation/Necromancy     8
Miscellaneous
 R - an ornate deck of wonders
Comestibles
 d - 6 bread rations
 r - 24 fruits


   Skills:
 + Level 6.0 Fighting
 + Level 8.4 Short Blades
 + Level 10.9 Dodging
 + Level 17.3 Stealth
 + Level 13.6 Spellcasting
 - Level 3.6 Hexes


You had 26 spell levels left.
You knew the following spells:

 Your Spells              Type           Power        Failure   Level  Hunger
a - Corona                Hex            ####...      1%          1    None
b - Ensorcelled Hibernat  Hex/Ice        ###...       3%          2    None
c - Confuse               Hex            ####....     2%          3    None
d - Tukima's Dance        Hex            ####....     2%          3    None
e - Dazzling Spray        Conj/Hex       ###.....     10%         3    None


Dungeon Overview and Level Annotations

Branches:
Dungeon (9/15)             Temple (1/1) D:6            Lair (4/8) D:8
 Spider (0/4) Lair:4          Orc (0/4) D:9
  Swamp: Lair:3-6    Shoals: Lair:3-6

Altars:
Ashenzari
Cheibriados
Dithmenos
Elyvilon
Fedhas
Gozag
Kikubaaqudgha
Nemelex Xobeh
Okawaru
Qazlal
Ru
Sif Muna
Trog
Vehumet
Xom
Yredelemnul
Zin
The Shining One
Beogh

Shops:
D:4 %[

Annotations:
IceCv exclusion: 2 ice statues


Innate Abilities, Weirdness & Mutations

You are tiny and cannot use many weapons and most armour.
You have supernaturally acute eyesight.
You are a herbivore.
You cover ground extremely quickly.
You need consume almost no food.


Message History

Confirm with . or Enter, or press ? or * to list all spells.
Aiming: Confuse
Press: ? - help, Shift-Dir - straight line, f/p - ice devil
Aim: an ice devil (umbra, chance to defeat MR: 12%)
The ice devil resists with almost no effort.
An ice devil comes into view.
Found a scroll of identify.
Found a glowing dagger.
Found three items.
The helpless ice devil fails to defend itself.
You stick the ice devil like a pincushion!!!!
You kill the ice devil!
Dithmenos accepts your kill.
Your Fighting skill increases to level 6!
A blue devil comes into view.
A blue devil comes into view.
The ice devil hits you!
* * * LOW HITPOINT WARNING * * *
The ice devil freezes you! You resist.
You die...

..# #§§§.##§........###
.##
#.§§§§##.§####......##
##
§§§§#...§§§..#.......##
.##
§§4§###.§§§§.##.......##
..##
4§§4..##§§§§§.##...§...#
...#
#.........#..§........##
...#
##...###..#§§###...§§##
..##
#####..3.#.....#..###
..## #.....@#.....####
...## ##.##......###
∩...# ###.....### ....#
###.### ∩..##
#.).........).# ..##
#...##?)$##...# ### ##
##### ##


You could see an ice devil.

Vanquished Creatures
  A minotaur (Lab)
  4 hydras
  An ice devil (IceCv)
  The ghost of GFox the Thrower, a novice MiGl of Okawaru (D:6)
  3 black mambas
  Joseph (D:7)
  6 spiny frogs
  A komodo dragon (D:8)
  3 blue devils (IceCv)
  10 blink frogs
  A troll (D:9)
  16 yaks
  4 wolves (Lair:1)
  6 hippogriffs
  A hungry ghost (D:4)
  Menkaure (D:7)
  Edmund (D:5)
  Duvessa (D:7)
  A necrophage (D:6)
  8 water moccasins
  8 ice beasts (Lair:4)
  A sky beast (D:8)
  6 porcupines
  3 ogres
  3 crocodiles
  A centaur (D:7)
  A big kobold (D:7)
  17 giant frogs
  3 scorpions
  Dowan (D:7)
  5 killer bees (D:7)
  3 crimson imps
  A giant frog zombie (D:6)
  Crazy Yiuf (D:5)
  A giant frog skeleton (D:8)
  4 orc priests
  A hound (D:4)
  11 orc wizards
  A centaur skeleton (D:6)
  7 iguanas
  7 worker ants
  A hound zombie (D:7)
  A hound skeleton (D:4)
  3 gnolls (D:2)
  A worker ant zombie (D:5)
  A shadow imp (D:6)
  6 adders
  5 white imps (IceCv)
  An ooze (D:5)
  7 ufetubi (IceCv)
  4 worms
  2 giant geckos
  25 orcs
  A ball python (D:3)
  7 bats
  7 giant cockroaches
  4 hobgoblins
  8 jackals
  7 kobolds
  4 quokkas
  A giant gecko skeleton (D:5)
  5 giant newts
  2 goblins (D:1)
  4 rats
264 creatures vanquished.

Vanquished Creatures (others)
  2 white imps (IceCv)
  3 ufetubi (IceCv)
  A fungus (Lair:1)
  A plant (D:8)
7 creatures vanquished.

Grand Total: 271 creatures vanquished

Notes
Turn   | Place    | Note
--------------------------------------------------------------
     0 | D:1      | Magnus the Spriggan Enchanter began the quest for the Orb.
     0 | D:1      | Reached XP level 1. HP: 9/9 MP: 5/5
   156 | D:1      | Reached skill level 5 in Stealth
   328 | D:1      | Reached XP level 2. HP: 11/13 MP: 6/6
   991 | D:1      | Learned a level 2 spell: Ensorcelled Hibernation
  1206 | D:2      | Reached XP level 3. HP: 16/16 MP: 5/8
  1506 | D:2      | Found a faded altar to an unknown god.
  2184 | D:3      | Reached XP level 4. HP: 18/21 MP: 8/10
  2385 | D:3      | Reached skill level 6 in Stealth
  3065 | D:3      | Reached XP level 5. HP: 24/24 MP: 7/12
  3229 | D:3      | Learned a level 3 spell: Confuse
  3233 | D:3      | Learned a level 3 spell: Tukima's Dance
  3257 | D:4      | Reached skill level 7 in Stealth
  3410 | D:4      | Reached skill level 5 in Spellcasting
  3496 | D:4      | Noticed an ogre
  3503 | D:4      | Killed an ogre
  3503 | D:4      | Reached skill level 8 in Stealth
  3503 | D:4      | Reached XP level 6. HP: 28/28 MP: 5/15
  3604 | D:4      | Found a basalt altar of Yredelemnul.
  3689 | D:4      | Noticed an ogre
  3691 | D:4      | Killed an ogre
  3818 | D:4      | Found Xerhin's Food Shoppe.
  3818 | D:4      | Noticed a hungry ghost
  3843 | D:4      | Killed a hungry ghost
  3843 | D:4      | Reached skill level 9 in Stealth
  3843 | D:4      | Reached XP level 7. HP: 32/32 MP: 15/18
  3861 | D:4      | Bought a slice of pizza for 18 gold pieces
  3861 | D:4      | Bought 3 fruits for 54 gold pieces
  3861 | D:4      | Bought a bread ration for 60 gold pieces
  3861 | D:4      | Bought a bread ration for 60 gold pieces
  4006 | D:4      | Found Etoalo's Armour Shop.
  4077 | D:4      | Bought a slice of pizza for 18 gold pieces
  4167 | D:5      | Entered Level 5 of the Dungeon
  4366 | D:5      | Noticed Crazy Yiuf
  4373 | D:5      | Killed Crazy Yiuf
  4562 | D:5      | Noticed Edmund
  4571 | D:5      | Killed Edmund
  4571 | D:5      | Reached skill level 10 in Stealth
  4811 | D:5      | Reached XP level 8. HP: 31/36 MP: 18/21
  5197 | D:6      | Reached skill level 11 in Stealth
  5229 | D:6      | Noticed GFox's ghost (novice MiGl)
  5273 | D:6      | HP: 1/36 [GFox's ghost (4)]
  5619 | D:6      | Killed GFox's ghost
  5619 | D:6      | Reached skill level 12 in Stealth
  5881 | D:6      | Found an opulent altar of Gozag.
  5881 | D:6      | Found a shattered altar of Ashenzari.
  6051 | D:6      | Reached skill level 10 in Spellcasting
  6294 | D:6      | Reached XP level 9. HP: 39/39 MP: 15/24
  6299 | D:6      | Learned a level 3 spell: Dazzling Spray
  6435 | D:6      | Found a white marble altar of Elyvilon.
  6572 | D:6      | Found a staircase to the Ecumenical Temple.
  6578 | Temple   | Entered the Ecumenical Temple
  6604 | Temple   | Became a worshipper of Dithmenos the Shadowed
  6651 | D:7      | Noticed Joseph
  6656 | D:7      | Killed Joseph
  6656 | D:7      | Reached skill level 13 in Stealth
  7018 | D:7      | Noticed Dowan
  7019 | D:7      | Noticed Duvessa
  7024 | D:7      | Killed Dowan
  7036 | D:7      | Killed Duvessa
  7187 | D:7      | Reached skill level 14 in Stealth
  7274 | D:7      | You fall through a shaft for 2 floors!
  7274 | D:9      | Found a roughly hewn altar of Beogh.
  7277 | D:9      | Reached * piety under Dithmenos
  7280 | D:9      | Found a staircase to the Orcish Mines.
  7445 | D:9      | Reached skill level 1 in Fighting
  7540 | D:9      | Found a stormy altar of Qazlal.
  7663 | D:7      | Noticed Menkaure
  7668 | D:7      | Killed Menkaure
  8110 | D:8      | Found a staircase to the Lair.
  8111 | D:8      | Noticed a komodo dragon
  8436 | D:8      | Reached ** piety under Dithmenos
  8436 | D:8      | Reached XP level 10. HP: 46/46 MP: 26/26
  8451 | D:8      | Found an ancient bone altar of Kikubaaqudgha.
  8705 | D:8      | Killed a komodo dragon
  8705 | D:8      | Reached skill level 5 in Dodging
  8710 | Lair:1   | Entered Level 1 of the Lair of Beasts
  8771 | Lair:1   | Found a labyrinth entrance.
  8788 | Lab      | Entered a labyrinth
  8975 | Lab      | Noticed a minotaur
  8980 | Lab      | Killed a minotaur
  8980 | Lab      | Reached skill level 15 in Stealth
  8982 | Lab      | Got a coiled zirconium amulet
  9161 | Lair:1   | Reached skill level 5 in Short Blades
  9173 | Lair:1   | HP: 2/49 [yak (9)]
  9768 | Lair:1   | Reached XP level 11. HP: 53/53 MP: 20/28
 10059 | Lair:1   | Noticed an eight-headed hydra
 10067 | Lair:1   | Killed an eight-headed hydra
 10067 | Lair:1   | Reached skill level 16 in Stealth
 10096 | Lair:1   | Reached *** piety under Dithmenos
 10808 | Lair:2   | Noticed a five-headed hydra
 11038 | Lair:2   | Killed a five-headed hydra
 11038 | Lair:2   | Reached skill level 5 in Fighting
 11696 | Lair:3   | Noticed a four-headed hydra
 11709 | Lair:3   | Killed a four-headed hydra
 11709 | Lair:3   | Reached XP level 12. HP: 60/60 MP: 30/30
 11727 | Lair:3   | Reached skill level 10 in Dodging
 12121 | Lair:3   | Noticed an eight-headed hydra
 12147 | Lair:3   | Killed an eight-headed hydra
 12147 | Lair:3   | Reached skill level 17 in Stealth
 12301 | Lair:3   | Identified the amulet of Qis Tiud {Stasis MR+} (You took it off a minotaur in a labyrinth)
 12346 | Lair:4   | Found a hole to the Spider Nest.
 12497 | Lair:4   | Reached **** piety under Dithmenos
 12555 | Lair:4   | Found a frozen archway.
 12638 | IceCv    | Entered an ice cave
 13474 | IceCv    | Slain by an ice devil

Action                   |  1- 3 |  4- 6 |  7- 9 | 10-12 || total
-------------------------+-------+-------+-------+-------++-------
Melee: Dagger            |    89 |    55 |   231 |   258 ||   633
 Cast: Ensorcelled Hiber |    11 |    27 |    53 |   115 ||   206
       Confuse           |       |     1 |    27 |    20 ||    48
       Dazzling Spray    |       |       |     5 |       ||     5
  Use: Scroll            |     3 |       |     2 |    21 ||    26
       Potion            |       |       |       |     1 ||     1
 Stab: Sleeping          |    11 |    22 |    53 |    98 ||   184
       Distracted        |     1 |     1 |       |       ||     2
       Confused          |       |     1 |    11 |     9 ||    21
  Eat: Fruit             |       |     2 |       |       ||     2
       Royal jelly       |       |       |     1 |       ||     1
       Pizza             |       |       |     1 |     2 ||     3
       Bread ration      |       |       |       |     1 ||     1
